 Dungeon Crawl Stone Soup version 0.23.2-30-g0e89c35649 (webtiles) character file.

Game seed: 4181191629849046186

58055 teukkam the Swashbuckler (level 14, 0/124 HPs)
             Began as a Minotaur Fighter on June 20, 2019.
             Was a Priest of Dithmenos.
             Slain by a tyrant leech (15 damage)
             ... on level 4 of the Swamp on June 21, 2019.
             The game lasted 01:45:06 (23286 turns).

teukkam the Swashbuckler (Minotaur Fighter)        Turns: 23286, Time: 01:45:06

Health: 0/124      AC: 33    Str: 25    XL:     14   Next: 48%
Magic:  9/13       EV:  7    Int: 16    God:    Dithmenos [***...]
Gold:   991        SH:  8    Dex: 14    Spells: 13/13 levels left

rFire    + + .     SeeInvis .   a - +11 rapier "Jemar" {pierce, Int+10}
rCold    . . .     Gourm    .   S - +2 buckler {AC+3}
rNeg     . . .     Faith    .   A - +5 plate armour {rF+}
rPois    .         Spirit   .   K - +1 hat
rElec    .         Reflect  .   N - +0 cloak
rCorr    .         Harm     .   (no gloves)
MR       +....                  m - +2 pair of boots of the Assassin {Detection Stab+ Stlth++}
Stlth    +++++++...             g - amulet of the acrobat
HPRegen  0.30/turn              V - ring of protection from fire
MPRegen  0.13/turn              C - +4 ring of protection

@: lethally poisoned (0 -> -5), very slightly contaminated, wreathed by umbra
A: retaliatory headbutt, horns 2, iridescent scales 1, thin skeletal structure
2, camouflage 1, robust 1, evolution 1
a: Shadow Step, Renounce Religion


You were on level 4 of the Swamp.
You worshipped Dithmenos.
Dithmenos was most pleased with you.
You were not hungry.

You visited 4 branches of the dungeon, and saw 24 of its levels.
You also visited: Sewer and Volcano.

You collected 1171 gold pieces.
You spent 180 gold pieces at shops.

Inventory:

Hand Weapons
 a - the +11 rapier "Jemar" (weapon) {pierce, Int+10}
   (You found it on level 11 of the Dungeon)

   It inflicts extra damage upon your enemies.
   It affects your intelligence (+10).
 b - a +0 blowgun
 c - a +0 scimitar of flaming
 i - the +1 spear "Araazumy" {protect, rF++ MR+++}
   (You found it on level 5 of the Dungeon)

   It protects the one who uses it against injury (+AC on strike).
   It greatly protects you from fire.
   It affects your resistance to hostile enchantments.
 w - a +0 war axe
 O - a +4 dagger of venom
Missiles
 e - 145 poisoned needles
 k - 22 tomahawks (quivered)
 F - 3 javelins
 Q - 4 poisoned tomahawks
 W - 5 needles of sleeping
Armour
 m - the +2 pair of boots of the Assassin (worn) {Detection Stab+ Stlth++}
   (You found it on level 6 of the Lair of Beasts)

   It makes you much more stealthy.
 A - a +5 plate armour of fire resistance (worn)
 E - a +2 chain mail of cold resistance
 K - a +1 hat (worn)
 N - a +0 cloak (worn)
 S - a +2 buckler of protection (worn)
Jewellery
 g - an amulet of the acrobat (around neck)
 C - a +4 ring of protection (right hand)
 L - a cursed ring of attention {unknown}
 V - a ring of protection from fire (left hand)
 Y - a +3 ring of dexterity
Wands
 d - a wand of polymorph (9)
 y - a wand of random effects (22)
 H - a wand of paralysis (9)
 R - a wand of scattershot (2)
 T - a wand of disintegration (22)
Scrolls
 j - 9 scrolls of identify
 s - 3 scrolls of blinking
 v - 2 scrolls of enchant armour
 B - 3 scrolls of amnesia
 G - 7 scrolls of remove curse
 P - a scroll of magic mapping
 U - a scroll of fog
 X - 2 scrolls of silence
Potions
 l - 7 potions of might
 p - 3 potions of curing
 q - a potion of berserk rage
 r - 3 potions of magic
 t - 3 potions of agility
 u - 3 potions of cancellation
 x - 3 potions of lignification
 D - 2 potions of resistance
 M - a potion of haste
 Z - 4 potions of flight
Miscellaneous
 h - a fan of gales
Comestibles
 f - 27 rations


   Skills:
 - Level 7.4 Fighting
 + Level 16.3 Short Blades
 - Level 2.8(7.5) Axes
 - Level 10.9(11.0) Polearms
 - Level 1.0 Throwing
 - Level 7.4 Armour
 + Level 14.0 Stealth
 - Level 7.4 Shields


You had 13 spell levels left.
You didn't know any spells.
Your spell library contained the following spells:

 Spells                   Type           Power        Failure   Level  Hunger
 Animate Skeleton         Necr           N/A          97%         1    ##.....
 Apportation              Tloc           #.....       97%         1    ##.....
 Confusing Touch          Hex            #.....       97%         1    ##.....
 Corona                   Hex            #......      97%         1    ##.....
 Flame Tongue             Conj/Fire      #....        97%         1    ##.....
 Infusion                 Chrm           #...         97%         1    ##.....
 Summon Small Mammal      Summ           #...         97%         1    ##.....
 Ensorcelled Hibernation  Hex/Ice        #.....       99%         2    ###....
 Shroud of Golubria       Chrm/Tloc      #.........   99%         2    ###....
 Song of Slaying          Chrm           #.......     99%         2    ###....
 Throw Flame              Conj/Fire      #.....       99%         2    ###....
 Confuse                  Hex            #.......     100%        3    ####...
 Conjure Flame            Conj/Fire      #.......     100%        3    ####...
 Dazzling Spray           Conj/Hex       #.....       100%        3    ####...
 Gell's Gravitas          Tloc           #.........   100%        3    ####...
 Inner Flame              Hex/Fire       #.......     100%        3    ####...
 Regeneration             Chrm/Necr      #.........   100%        3    ####...
 Spectral Weapon          Hex/Chrm       #.......     100%        3    ####...
 Tukima's Dance           Hex            #.......     100%        3    ####...
 Petrify                  Tmut/Erth      #.......     100%        4    #####..
 Sticky Flame             Conj/Fire      #.......     100%        4    #####..
 Summon Lightning Spire   Summ/Air       #.......     100%        4    #####..
 Fireball                 Conj/Fire      #.........   100%        5    ######.
 Metabolic Englaciation   Hex/Ice        #.........   100%        5    ######.
 Silence                  Hex/Air        #.........   100%        5    ######.
 Yara's Violent Unravell  Hex/Tmut       #.........   100%        5    ######.
 Conjure Ball Lightning   Conj/Air       #.........   100%        6    #######
 Deflect Missiles         Chrm/Air       #.........   100%        6    #######
 Tornado                  Air            #.........   100%        9    #######


Dungeon Overview and Level Annotations

Branches:
Dungeon (13/15)            Temple (1/1) D:7            Lair (6/6) D:9
  Swamp (4/4) Lair:3       Spider (0/4) Lair:2        Slime (0/5) Lair:6
    Orc: D:9-12      Vaults: D:13-14

Altars:
Ashenzari
Cheibriados
Dithmenos
Elyvilon
Fedhas
Gozag
Hepliaklqana
Kikubaaqudgha
Makhleb
Nemelex Xobeh
Okawaru
Qazlal
Ru
Sif Muna
Trog
Uskayaw
Vehumet
Wu Jian
Xom
Yredelemnul
Zin
The Shining One
Jiyva

Shops:
D:6 !

Annotations:
Lair:5 exclusion: 4 oklob plants


Innate Abilities, Weirdness & Mutations

You reflexively headbutt those who attack you in melee.
You have a pair of horns on your head.
You are partially covered in iridescent scales. (AC +2)
You have a moderately thin skeletal structure. (Dex +4, Stealth+)
Your skin changes colour to match your surroundings (Stealth+).
You are robust. (+10% HP)
You evolve.


Message History

Unknown command.
Aiming: Shadow Step
Press: ? - help, Dir - move target cursor, f - tyrant leech
Aim: a tyrant leech (umbra)
You step into the tyrant leech's shadow.
You feel sick.
The swamp drake roars!
The swamp dragon roars deafeningly!
The four-headed hydra roars!
You hear an angry buzzing noise.
The six-headed hydra roars!
The rime drake bites you but does no damage.
The swamp dragon barely misses you. You furiously retaliate!
You headbutt the swamp dragon! You block the swamp dragon's attack.
The swamp dragon tramples you but does no damage.
The swamp drake breathes noxious fumes at you.
The noxious blast engulfs the rime drake but does no damage.
The rime drake is engulfed in noxious fumes.
The rime drake appears confused.
The tyrant leech is engulfed in noxious fumes.
The tyrant leech appears confused.
The tyrant leech bites you!
You die...

≈≈*≈,≈≈≈...♣♣.≈≈≈≈≈..Dwy≈≈..≈.≈♣≈
≈***≈,≈,≈♣♣*♣.≈≈≈≈≈♣°..Dw...♣♣.,,
** ***,≈,* ♣!≈...♣♣♣≈≈f##♣≈...#*
* **≈≈* ♣...♣♣♣...#♣#**##.##*
**** *♣.≈♣♣♣≈.#♣***,≈{,..*
*..○≈○♣#**.,,,{{{,k.
♣♣○k○○#♣...,,,≈≈≈,,,
♣.○○k≈.....,≈≈≈≈≈≈,,
♣.w@○.!#*,,≈≈≈≈≈≈,≈,
♣♣♣○.Df≈f##*≈,,≈≈≈≈,≈≈
♣♣○○DDvk♣v§##**,,≈≈,,**
♣♣○○○○○Dk.≈(≈##*********
♣°○v♣D≈D.≈≈.≈≈♣♣♣ *♣#***
♣♣☼○○≈v≈.....≈≈≈###.♣#≈≈
♣♣☼°☼☼☼.≈≈.......○♣.D≈.≈♣
♣...wkkDk......D°°○°♣****
♣♣.♣...≈≈...≈.kvF°°♣♣


You could see a thorn hunter, a shambling mangrove (wandering), an ice dragon, a
six-headed hydra, a four-headed hydra, 4 swamp dragons, 2 tyrant leeches, 2 rime
drakes, 5 swamp drakes and 4 insubstantial wisps.

Vanquished Creatures
  Erica (Lair:1)
  4 hydras
  A shambling mangrove (Swamp:1)
  3 two-headed ogres
  6 alligators
  3 death yaks (Lair:6)
  Sonja (Lair:5)
  A skeletal warrior (Volcano)
  A spriggan druid (Swamp:4)
  An unseen horror (D:13)
  3 swamp dragons (Swamp:1)
  An ugly thing (D:11)
  An anaconda skeleton (Volcano)
  A centaur zombie (D:13)
  6 elephants
  2 black mambas
  Joseph (Lair:1)
  3 gargoyles (Volcano)
  26 spiny frogs
  A rime drake (Lair:1)
  6 komodo dragons
  A troll (D:10)
  A hornet (D:13)
  2 polar bears
  5 tyrant leeches
  32 blink frogs
  2 bog bodies
  A harpy skeleton (Volcano)
  16 slime creatures
  5 hippogriffs
  A flying skull (Volcano)
  Sigmund (D:2)
  A shadow (Swamp:4)
  An alligator skeleton (Volcano)
  A redback (Lair:2)
  A wraith (D:11)
  A hungry ghost (D:13)
  A vampire (D:9)
  19 yaks
  Grum (Lair:1)
  15 vampire mosquitoes
  3 basilisks
  5 swamp worms
  3 insubstantial wisps (Swamp:4)
  10 water moccasins
  8 porcupines
  4 ice beasts
  A phantom (D:7)
  3 sky beasts
  2 swamp drakes
  2 black bears
  3 necrophages
  4 orc warriors
  2 centaurs
  2 wolves (Lair:1)
  10 ogres
  11 crocodiles
  5 big kobolds
  24 bullfrogs
  A wyvern zombie (D:11)
  A water moccasin zombie (D:7)
  3 scorpions
  A wight (D:11)
  A spriggan skeleton (Volcano)
  4 howler monkeys
  3 electric eels (Lair:6)
  3 crimson imps
  3 bullfrog zombies
  A quasit (D:7)
  5 hounds
  4 jellies
  5 orc priests
  Crazy Yiuf (D:3)
  2 bullfrog skeletons
  3 iguanas
  16 orc wizards
  Ijyb (D:3)
  Terence (D:3)
  Natasha (twice) (D:2)
  5 worker ants
  A killer bee zombie (D:6)
  A hound zombie (D:6)
  A naga skeleton (Volcano)
  A hound skeleton (D:6)
  A howler monkey zombie (D:11)
  A worker ant zombie (D:5)
  16 adders
  3 river rats (Sewer)
  A shadow imp (D:9)
  A white imp (D:4)
  8 oozes
  3 adder zombies
  2 dart slugs (D:2)
  4 worms
  9 leopard geckos
  43 orcs
  12 ball pythons
  8 bats
  3 giant cockroaches
  10 hobgoblins
  9 jackals
  24 kobolds
  2 quokkas
  10 frilled lizards
  6 goblins
  A leopard gecko skeleton (D:4)
  29 rats
559 creatures vanquished.

Vanquished Creatures (collateral kills)
  A water moccasin (Lair:1)
1 creature vanquished.

Vanquished Creatures (others)
  A skeletal warrior (Volcano)
  A hornet (Swamp:1)
  2 flying skulls (Volcano)
  A spriggan (Swamp:1)
  20 fungi
  54 plants
79 creatures vanquished.

Grand Total: 639 creatures vanquished

Notes
Turn   | Place    | Note
-------+----------+-------------------------------------------
     0 | D:1      | teukkam the Minotaur Fighter began the quest for the Orb.
     0 | D:1      | Reached XP level 1. HP: 19/19 MP: 0/0
   123 | D:2      | Reached XP level 2. HP: 27/27 MP: 1/1
   162 | D:2      | Noticed Sigmund
   178 | D:2      | Killed Sigmund
   178 | D:2      | Reached XP level 3. HP: 35/35 MP: 2/2
   178 | D:2      | Reached XP level 4. HP: 41/41 MP: 3/3
   178 | D:2      | Reached XP level 5. HP: 47/47 MP: 4/4
   392 | D:2      | Found a hide-covered altar of Uskayaw.
   396 | D:2      | Noticed a +0 dagger
   397 | D:2      | Noticed a +0 dagger
   456 | D:2      | Noticed Natasha
   461 | D:2      | Killed Natasha
   461 | D:2      | Reached skill level 5 in Fighting
   461 | D:2      | Reached skill level 5 in Armour
   461 | D:2      | Reached skill level 5 in Shields
   474 | D:2      | Noticed Natasha
   481 | D:2      | Killed Natasha
   481 | D:2      | Reached XP level 6. HP: 56/56 MP: 5/5
   568 | D:3      | Found a runed translucent door.
   569 | D:3      | Noticed Crazy Yiuf
   701 | D:3      | Found an ancient bone altar of Kikubaaqudgha.
  1157 | D:4      | Reached XP level 7. HP: 59/62 MP: 6/6
  1253 | D:4      | Gained mutation: You are dopey. (Int -2) [potion of
                  | mutation]
  1253 | D:4      | Gained mutation: Your muscles are strong. (Str +2) [potion
                  | of mutation]
  1524 | D:4      | Found a white marble altar of Elyvilon.
  1748 | D:5      | Entered Level 5 of the Dungeon
  1804 | D:6      | Found a glowing drain.
  1830 | Sewer    | Entered a sewer
  2474 | Sewer    | Reached skill level 5 in Polearms
  2477 | Sewer    | Reached XP level 8. HP: 48/71 MP: 7/7
  3442 | D:5      | Found a blossoming altar of Fedhas.
  3946 | D:5      | Got a slimy spear
  3952 | D:5      | Identified the cursed +1 spear "Araazumy" {protect, rF++
                  | MR+++} (You found it on level 5 of the Dungeon)
  4357 | D:5      | Reached skill level 1 in Throwing
  4529 | D:6      | Found Rahan's Distillery.
  4537 | D:6      | Bought a potion of heal wounds for 60 gold pieces
  4537 | D:6      | Bought a potion of heal wounds for 60 gold pieces
  4537 | D:6      | Bought a potion of heal wounds for 60 gold pieces
  4550 | D:6      | Reached XP level 9. HP: 74/79 MP: 8/8
  5324 | D:7      | Lost mutation: You are dopey. (Int -2) [potion of mutation]
  5324 | D:7      | Lost mutation: Your muscles are strong. (Str +2) [potion of
                  | mutation]
  5324 | D:7      | Gained mutation: Potions are less effective at restoring
                  | your health. [potion of mutation]
  5324 | D:7      | Gained mutation: Your flesh is cold resistant. (rC+)
                  | [potion of mutation]
  5324 | D:7      | Gained mutation: Your magical capacity is low. (-10% MP)
                  | [potion of mutation]
  5324 | D:7      | Gained mutation: Your muscles are strong. (Str +2) [potion
                  | of mutation]
  5345 | D:7      | Reached skill level 10 in Polearms
  5566 | D:7      | Found a staircase to the Ecumenical Temple.
  5576 | Temple   | Entered the Ecumenical Temple
  5718 | D:8      | Lost mutation: Your magical capacity is low. (-10% MP)
                  | [potion of mutation]
  5718 | D:8      | Lost mutation: Your muscles are strong. (Str +2) [potion of
                  | mutation]
  5718 | D:8      | Lost mutation: Your flesh is cold resistant. (rC+) [potion
                  | of mutation]
  5718 | D:8      | Gained mutation: You do not regenerate when monsters are
                  | visible. [potion of mutation]
  5718 | D:8      | Gained mutation: Your skin changes colour to match your
                  | surroundings (Stealth+). [potion of mutation]
  5718 | D:8      | Gained mutation: You are partially covered in iridescent
                  | scales. (AC +2) [potion of mutation]
  5718 | D:8      | Gained mutation: Your mind is acute. (Int +2) [potion of
                  | mutation]
  5923 | D:8      | Lost mutation: Potions are less effective at restoring your
                  | health. [potion of mutation]
  5923 | D:8      | Lost mutation: Your mind is acute. (Int +2) [potion of
                  | mutation]
  5923 | D:8      | Lost mutation: You do not regenerate when monsters are
                  | visible. [potion of mutation]
  5923 | D:8      | Gained mutation: Your spells are a little harder to cast,
                  | but a little more powerful. [potion of mutation]
  5923 | D:8      | Lost mutation: Your spells are a little harder to cast, but
                  | a little more powerful. [potion of mutation]
  5923 | D:8      | Gained mutation: You evolve. [potion of mutation]
  6531 | D:1      | Gained mutation: You have a somewhat thin skeletal
                  | structure. (Dex +2, Stealth) [evolution]
  7388 | D:3      | Noticed Ijyb
  7404 | D:3      | Killed Ijyb
  7404 | D:3      | Reached skill level 1 in Short Blades
  7605 | D:3      | Noticed Terence
  7616 | D:3      | Killed Terence
  7616 | D:3      | Reached skill level 1 in Stealth
  7796 | D:3      | Killed Crazy Yiuf
  8217 | D:8      | Found an opulent altar of Gozag.
  8217 | D:8      | Found an iron altar of Okawaru.
  8254 | D:8      | Reached skill level 2 in Short Blades
  8411 | D:9      | Noticed a two-headed ogre
  8521 | D:8      | Reached skill level 3 in Short Blades
  8880 | D:8      | Reached XP level 10. HP: 86/86 MP: 9/9
  9016 | D:9      | Reached skill level 4 in Short Blades
  9117 | D:10     | Entered Level 10 of the Dungeon
  9124 | D:10     | Noticed a two-headed ogre
  9152 | D:10     | Killed a two-headed ogre
  9152 | D:10     | Reached skill level 5 in Short Blades
  9410 | D:10     | Found a shimmering altar of Xom.
  9411 | D:10     | Found a shimmering altar of Xom.
  9411 | D:10     | Found a shimmering altar of Xom.
  9411 | D:10     | Found a shimmering altar of Xom.
  9412 | D:10     | Found a shimmering altar of Xom.
  9420 | D:10     | Found a shimmering altar of Xom.
  9421 | D:10     | Found a shimmering altar of Xom.
  9705 | D:10     | Reached skill level 6 in Short Blades
  9705 | D:10     | Reached skill level 5 in Stealth
 10496 | D:13     | Gained mutation: Your mind is acute. (Int +2) [evolution]
 10545 | D:13     | Reached skill level 7 in Short Blades
 10574 | D:13     | Reached skill level 8 in Short Blades
 10851 | D:13     | Reached XP level 11. HP: 87/92 MP: 10/10
 10924 | D:13     | Killed an unseen horror
 11057 | D:11     | Got a faintly glowing rapier
 11058 | D:11     | Identified the +11 rapier "Jemar" {pierce, Int+10} (You
                  | found it on level 11 of the Dungeon)
 11105 | D:11     | Noticed a purple ugly thing
 11121 | D:11     | Killed a purple ugly thing
 11133 | D:11     | Reached skill level 9 in Short Blades
 11273 | D:9      | Noticed a two-headed ogre
 11536 | D:9      | Gained mutation: You have a moderately thin skeletal
                  | structure. (Dex +4, Stealth+) [evolution]
 11611 | D:9      | Killed a two-headed ogre
 11620 | D:9      | Found a shadowy altar of Dithmenos.
 11626 | D:9      | Became a worshipper of Dithmenos the Shadowed
 11764 | D:9      | Killed a two-headed ogre
 11764 | D:9      | Reached skill level 10 in Short Blades
 12027 | D:9      | Found a staircase to the Lair.
 12044 | Lair:1   | Entered Level 1 of the Lair of Beasts
 12049 | Lair:1   | Noticed Joseph
 12068 | Lair:1   | Killed Joseph
 12424 | Lair:2   | Found a hole to the Spider Nest.
 12582 | Lair:5   | Reached skill level 11 in Short Blades
 12587 | Lair:5   | Reached XP level 12. HP: 86/100 MP: 11/11
 12820 | Lair:5   | Reached * piety under Dithmenos
 13267 | Lair:4   | Noticed an eight-headed hydra
 13341 | Lair:6   | Entered Level 6 of the Lair of Beasts
 13385 | Lair:6   | Found a viscous altar of Jiyva.
 13386 | Lair:6   | Found a staircase to the Slime Pits.
 13415 | Lair:6   | Reached skill level 10 in Stealth
 13488 | Lair:6   | Reached skill level 12 in Short Blades
 13581 | Lair:5   | Noticed Sonja
 13695 | Lair:6   | Reached ** piety under Dithmenos
 13720 | Lair:6   | Found a dark tunnel.
 13803 | Lair:6   | Noticed an eight-headed hydra
 13824 | Volcano  | Entered a volcano
 14534 | Volcano  | Reached skill level 13 in Short Blades
 14690 | Lair:6   | Killed an eight-headed hydra
 14920 | Lair:6   | Reached XP level 13. HP: 102/105 MP: 12/12
 15012 | Lair:5   | Killed Sonja
 15158 | Lair:5   | Gained mutation: You are robust. (+10% HP) [evolution]
 16335 | Lair:1   | Noticed Grum
 16341 | Lair:1   | Killed Grum
 16437 | Lair:1   | Noticed Erica
 16456 | Lair:1   | Killed Erica
 16456 | Lair:1   | Reached *** piety under Dithmenos
 16456 | Lair:1   | Reached skill level 14 in Short Blades
 18239 | Lair:3   | Found a staircase to the Swamp.
 18475 | Swamp:1  | Entered Level 1 of the Swamp
 18775 | Lair:4   | Reached **** piety under Dithmenos
 19056 | Lair:6   | Reached skill level 15 in Short Blades
 19067 | Lair:6   | Lost mutation: Your mind is acute. (Int +2) [evolution]
 19441 | Lair:6   | Found the +2 pair of boots of the Assassin {Detection Stab+
                  | Stlth++}
 19500 | Lair:6   | Reached XP level 14. HP: 99/124 MP: 13/13
 19780 | Lair:6   | Identified the +6 flail "Plog" {pain, Str+2} (You found it
                  | on level 6 of the Lair of Beasts)
 21830 | Swamp:1  | Reached skill level 16 in Short Blades
 22815 | Swamp:4  | Entered Level 4 of the Swamp
 23074 | Swamp:4  | Noticed a thorn hunter
 23284 | Swamp:4  | Noticed a thorn hunter
 23286 | Swamp:4  | Slain by a tyrant leech

Skill      XL: |  1  2  3  4  5  6  7  8  9 10 11 12 13 14 |
---------------+-------------------------------------------+-----
Fighting       | 4 5 6 7 |  7.4
Polearms       | 2 3 5 7 10 | 10.9
Armour         | 4 5 6 7 |  7.4
Shields        | 4 5 6 7 |  7.4
Throwing       | 1 |  1.0
Short Blades   | 3 8 11 13 15 16 | 16.3
Stealth        | 3 6 9 11 13 14 | 14.0
Axes           | |  2.8

Action                   |  1- 3 |  4- 6 |  7- 9 | 10-12 | 13-15 || total
-------------------------+-------+-------+-------+-------+-------++-------
Melee: War axe           |    21 |       |    34 |       |       ||    55
       Headbutt          |     5 |    18 |   137 |   142 |   171 ||   473
       Spear             |     4 |   147 |   643 |   310 |       ||  1104
       Dagger            |       |       |    10 |     6 |       ||    16
       Rapier            |       |       |       |   349 |   592 ||   941
 Fire: Blowgun           |       |       |     7 |    12 |       ||    19
Throw: Tomahawk          |       |       |     4 |     1 |     8 ||    13
Invok: Shadow Step       |       |       |       |       |     3 ||     3
Evoke: Wand              |       |       |     1 |    21 |    65 ||    87
  Use: Potion            |     2 |     2 |    10 |     7 |    15 ||    36
       Scroll            |       |     2 |    14 |     9 |    22 ||    47
 Stab: Sleeping          |       |       |       |    14 |    11 ||    25
       Distracted        |       |       |       |     1 |       ||     1
       Confused          |       |       |       |       |     2 ||     2
  Eat: Chunk             |       |     1 |    12 |     5 |     3 ||    21
       Ration            |       |       |     4 |     5 |     7 ||    16
Armor: Scale mail        |    11 |    34 |    96 |       |       ||   141
       Skin              |       |    14 |       |       |       ||    14
       Ring mail         |       |       |    46 |       |       ||    46
       Chain mail        |       |       |    98 |   215 |       ||   313
       Plate armour      |       |       |       |    26 |   355 ||   381
Dodge: Dodged            |    10 |    27 |   176 |   127 |   197 ||   537
Block: Shield            |    12 |    52 |   334 |   255 |   158 ||   811
       Buckler           |       |       |       |       |    84 ||    84
